 Dungeon Crawl Stone Soup version 0.30.1-11-g7821555f0a (webtiles) character file.

Game seed: 7331890819129976568

53 safid the Conjurer (level 3, -1/17 (23) HPs)
             Began as a Gargoyle Reaver on Dec 12, 2023.
             Slain by a gnoll
             ... wielding a +0 flail
             ... led by a gnoll bouda
              (3 damage)
             ... on level 3 of the Dungeon.
             The game lasted 00:02:12 (1603 turns).

safid the Conjurer (Gargoyle Reaver)                Turns: 1603, Time: 00:02:12

HP:   -1/17 (23)    AC:  7    Str: 17    XL:     3   Next: 89%
MP:   6/6           EV: 11    Int: 13    God:
Gold: 110           SH:  0    Dex:  8    Spells: 4/7 levels left

rFire   . . .        m - +2 dagger (venom)
rCold   . . .        (no shield)
rNeg    + . .        b - +0 leather armour
rPois   ∞            g - +0 helmet
rElec   +            (no cloak)
rCorr   .            (no gloves)
SInv    .            (no boots)
Will    .....        (no amulet)
Stlth   +            (no ring)
HPRegen 0.22/turn    (no ring)
MPRegen 0.10/turn

%: no passive effects
@: flying, very heavily drained
A: sickness immunity, AC +3, negative energy resistance 1, electricity
resistance, torment resistance 1, petrification resistance
a: no special abilities


You were on level 3 of the Dungeon.
You visited 1 branch of the dungeon, and saw 3 of its levels.

You collected 110 gold pieces.

Inventory:

Hand Weapons
 m - a +2 dagger of venom (weapon)
Armour
 b - a +0 leather armour (worn)
 g - a +0 helmet (worn)
Scrolls
 d - 3 scrolls of identify {unknown}
 e - a scroll of fog {unknown}
 i - a scroll of noise {unknown}
 j - a scroll of amnesia {unknown}
 k - a scroll of fear {unknown}
Potions
 c - 3 potions of flight
 f - a potion of heal wounds {unknown}
 h - a potion of curing {unknown}
 l - a potion of lignification {unknown}


   Skills:
 + Level 3.0 Fighting
 - Level 3.0 Maces & Flails
 + Level 1.0 Armour
 - Level 1.5 Dodging
 + Level 2.6 Spellcasting
 + Level 3.9 Conjurations


You had 4 spell levels left.
You knew the following spells:

 Your Spells              Type           Power      Damage    Failure   Level
a - Kiss of Death         Conj/Necr      24%        2d7       13%         1
b - Momentum Strike       Conj/Tloc      12%        3d8       19%         2

Your spell library contained the following spells:

 Spells                   Type           Power      Damage    Failure   Level
 Hailstorm                Conj/Ice       6%         3d4       36%         3
 Stone Arrow              Conj/Erth      12%        3d7       36%         3
 Animate Armour           Summ/Erth      2%         N/A       96%         4
 Lehudib's Crystal Spear  Conj/Erth      3%         10d2      100%        8


Dungeon Overview and Level Annotations

Branches:
Dungeon (3/15)

Altars:
Dithmenos

Annotations:
D:3 Jessica


Innate Abilities, Weirdness & Mutations

You are immune to sickness and miasma.
Your stone body is resilient. (AC +3)
You are immune to poison.
You resist negative energy. (rN+)
You are resistant to electric shocks. (rElec)
You are resistant to unholy torment.
You are immune to petrification.


Message History

You kill the gnoll!
A gnoll comes into view. It is wielding a +0 flail.
The gnoll bouda gazes fiercely through you!
You feel your attacks grow feeble.
The gnoll shouts!
Your Fighting skill increases to level 3!
You hear a shout!
You see here a scroll labelled HIECHUZXUE.
You hit the gnoll.
The gnoll is poisoned.
The gnoll is lightly wounded.
The gnoll hits you but does no damage.
You hit the gnoll but do no damage.
The gnoll is lightly wounded.
Jessica drinks a potion.
Jessica's spells are empowered!
You hit the gnoll.
The gnoll is heavily wounded.
The gnoll closely misses you.
Jessica very coldly says, "I hate your company."
You hit the gnoll.
The gnoll is almost dead.
You kill the gnoll!
Your Armour skill increases to level 1!
You barely miss the gnoll. The gnoll closely misses you.
A giant cockroach comes into view.
Jessica gestures wildly while chanting.
Jessica blinks!
You closely miss the gnoll.
Your attacks no longer feel as feeble.
The gnoll hits you with a +0 flail.
You barely miss the gnoll. The gnoll barely misses you.
Jessica gestures wildly while chanting.
Jessica blinks!
You hear a shout!
You barely miss the gnoll. The gnoll hits you with a +0 flail!
* * * LOW HITPOINT WARNING * * *
Unknown command.
It was a potion of flight.
You feel very buoyant.
You fly up into the air.
The gnoll hits you with a +0 flail.
You die...

#..# _.. #...# ...
.... .... # ...
.... ###.##.. #..#
#.......##..# #..
#...g)B.#
#..##.##g#
#.#.#.#@###
#.##......#
#.###.#...###
#...†.......#
####........#
#........#
##########..<...###
........))......#
##########..##.##


You could see a gnoll bouda, a gnoll (swift) and a giant cockroach.

Vanquished Creatures
  2 gnolls (D:3)
  2 dart slugs
  3 ball pythons
  4 endoplasms
  8 goblins
  A hobgoblin (D:2)
  2 quokkas (D:1)
  2 frilled lizards
  2 kobolds
  5 rats
31 creatures vanquished.

Notes
Turn   | Place    | Note
-------+----------+-------------------------------------------
     0 | D:1      | safid the Gargoyle Reaver began the quest for the Orb.
     0 | D:1      | Reached XP level 1. HP: 12/12 MP: 3/3
   313 | D:1      | Reached XP level 2. HP: 17/18 MP: 5/5
   316 | D:1      | Learned a level 2 spell: Momentum Strike
  1015 | D:2      | Reached XP level 3. HP: 9/18 MP: 4/6
  1223 | D:2      | Found a faded altar of an unknown god.
  1588 | D:3      | Found a shadowy altar of Dithmenos.
  1591 | D:3      | Noticed Jessica
  1599 | D:3      | Reached skill level 1 in Armour
  1603 | D:3      | Slain by a gnoll

Illustrated notes

Levels and vault maps discovered:
D:1:      dpeg_arrival_rooms_c, layout_basic
D:2:      layout_loops_ring, basic_ecumenical_altar, kennysheep_cross_bottleneck
D:3:      layout_loops_ring, mainiacjoe_overflow_concentric_impassable,
          trog_three_pillars_becter, nicolae_dithmenos_shadow_blocks,
          gup_sewer_entry_glass, kennysheep_generic_room_9, uniq_jessica

Skill      XL: |  1  2  3 |
---------------+----------+-----
Fighting       | 3 |  3.0
Armour         | 1 |  1.0
Maces & Flails | |  3.0
Dodging        | |  1.5
Spellcasting   | |  2.6
Conjurations   | |  3.9

Action                     || total
---------------------------++-------
  Melee: Mace              ||    54
         Dagger            ||    23
   Cast: Kiss of Death     ||     3
    Use: Potion            ||     1
 Armour: Leather armour    ||    18
  Dodge: Dodged            ||    38
